 Dungeon Crawl Stone Soup version 0.26-a0-466-g989023bd0d (webtiles) character file.

Game seed: 4450764542198915507

60 pk666 the Magician (level 3, 0/19 HPs)
             Began as a Deep Elf Hedge Wizard on Aug 8, 2020.
             Slain by a gnoll (3 damage)
             ... on level 2 of the Dungeon.
             The game lasted 00:04:03 (2091 turns).

pk666 the Magician (Deep Elf Hedge Wizard)          Turns: 2091, Time: 00:04:03

Health: 0/19       AC:  4    Str:  7    XL:     3   Next: 82%
Magic:  1/11       EV: 13    Int: 19    God:
Gold:   117        SH:  0    Dex: 14    Spells: 3/12 levels left

rFire    . . .     SeeInvis .   a - +0 dagger
rCold    . . .     Faith    .   (no shield)
rNeg     . . .     Spirit   .   b - +0 robe
rPois    +         Reflect  .   c - +1 hat
rElec    .         Harm     .   (no cloak)
rCorr    .                      j - +0 pair of gloves
MR       .....                  (no boots)
Stlth    ++........             (no amulet)
HPRegen  0.06/turn              n - ring of poison resistance
MPRegen  0.12/turn              (no ring)

@: no status effects
A: no striking features
a: no special abilities


You were on level 2 of the Dungeon.
You visited 1 branch of the dungeon, and saw 2 of its levels.

You collected 117 gold pieces.

Inventory:

Hand Weapons
 a - a +0 dagger (weapon)
Armour
 b - a +0 robe (worn)
 c - a +1 hat (worn)
 j - a +0 pair of gloves (worn)
Jewellery
 n - a ring of poison resistance (left hand)
Scrolls
 d - a scroll of enchant armour
 f - 2 scrolls of teleportation {unknown}
 i - a scroll of blinking {unknown}
 m - a scroll of random uselessness {unknown}
 p - 2 scrolls of identify {unknown}
 q - a scroll of fear {unknown}
Potions
 e - a potion of curing {unknown}
 g - a potion of berserk rage {unknown}
 h - a potion of mutation {unknown}
 k - a potion of heal wounds {unknown}
 l - 2 potions of lignification {unknown}
 o - a potion of ambrosia {unknown}


   Skills:
 - Level 2.8 Dodging
 - Level 2.4 Stealth
 * Level 5.4 Spellcasting
 * Level 2.7 Conjurations
   Level 1.1 Summonings
 - Level 1.1 Translocations
 + Level 0.7 Fire Magic


You had 3 spell levels left.
You knew the following spells:

 Your Spells              Type           Power        Failure   Level
a - Magic Dart            Conj           ###.         4%          1
b - Blink                 Tloc           N/A          12%         2
c - Conjure Flame         Conj/Fire      ##......     19%         3
d - Mephitic Cloud        Conj/Pois/Air  #.......     24%         3

Your spell library contained the following spells:

 Spells                   Type           Power        Failure   Level
 Call Imp                 Summ           #.......     12%         2
 Slow                     Hex            #.......     19%         2


Dungeon Overview and Level Annotations

Branches:
Dungeon (2/15)

Altars:
Wu Jian
Xom

Annotations:
D:2 Jessica


Message History

You hit the gnoll but do no damage.
The gnoll is almost dead.
The gnoll completely misses you.
You hit the gnoll but do no damage.
The gnoll is almost dead.
The gnoll misses you.
You barely miss the gnoll.
The gnoll is almost dead.
The gnoll hits you.
You closely miss the gnoll.
The gnoll is almost dead.
The gnoll barely misses you.
You barely miss the gnoll.
The gnoll is almost dead.
The gnoll hits you.
* * * LOW HITPOINT WARNING * * *
You hit the gnoll but do no damage.
The gnoll is almost dead.
The gnoll hits you.
You die...

# ... #.# # # #.# #.# ####.#
#######g#### .....#########
#...........
.............#########.##########
#....#######.........#.#
.....#######..######.#.##
...............#####....##
(...<#######(...@g.(..#..########
#...## ##.>#####....#........
##.## #..........#.######## ###
#.######.#.### #.# #.#.# #..
#.#.# #. #. #.#.# #. #. #.... #
#. ###..


You could see a gnoll.

Vanquished Creatures
  2 gnolls (D:2)
  An ooze (D:1)
  A leopard gecko (D:1)
  2 ball pythons
  3 bats
  2 giant cockroaches (D:1)
  5 hobgoblins (D:1)
  4 frilled lizards
  6 goblins
  6 kobolds (D:1)
  2 rats
34 creatures vanquished.

Notes
Turn   | Place    | Note
-------+----------+-------------------------------------------
     0 | D:1      | pk666 the Deep Elf Hedge Wizard began the quest for the
                  | Orb.
     0 | D:1      | Reached XP level 1. HP: 10/10 MP: 7/7
   275 | D:1      | Reached XP level 2. HP: 15/15 MP: 1/9
   622 | D:1      | Reached skill level 5 in Spellcasting
  1030 | D:1      | Reached XP level 3. HP: 19/19 MP: 6/11
  1074 | D:1      | Learned a level 2 spell: Blink
  1078 | D:1      | Learned a level 3 spell: Conjure Flame
  1082 | D:1      | Learned a level 3 spell: Mephitic Cloud
  1648 | D:2      | Found an ornate altar of the Wu Jian Council.
  1829 | D:2      | Found a shimmering altar of Xom.
  1992 | D:2      | Noticed Jessica
  2091 | D:2      | Slain by a gnoll

Illustrated notes

Levels and vault maps discovered:
D:1:      sevenhm_arrival_forest_fort_large_2, layout_loops_ring,
          minmay_pentomino_w2
D:2:      layout_loops_ring, lemuel_coloured_pillars_altar, xom_teletrap_fun,
          zin_statuary, uniq_jessica

Skill      XL: |  1  2 |
---------------+-------+-----
Conjurations   | 2 |  2.7
Spellcasting   | 5 |  5.4
Dodging        | |  2.8
Stealth        | |  2.4
Summonings     | |  1.1
Translocations | |  1.1
Fire Magic     | |  0.7

Action                   || total
-------------------------++-------
Melee: Dagger            ||    22
 Cast: Magic Dart        ||   101
  Use: Scroll            ||     2
Armor: Robe              ||     4
Dodge: Dodged            ||    31

Table legend: (Time is in decaauts)
 A = Elapsed time spent in this place.
 B = Non-inter-level travel time spent in this place.
 C = Inter-level travel time spent in this place.
 D = Time resting spent in this place.
 E = Time spent auto-exploring this place.
 F = Levels seen in this place.
 G = Mean time per level.
                   A        B        C        D        E       F      G
               +--------+--------+--------+--------+--------+-----+--------+
         Total |   2089 |   2048 |     41 |    742 |   1013 |   2 | 1044.5 |
       Dungeon |   2089 |   2048 |     41 |    742 |   1013 |   2 | 1044.5 |
               +--------+--------+--------+--------+--------+-----+--------+

Top non-repeatable levels by time:
     D:1: 1403 daAuts
     D:2: 686 daAuts
